 Dungeon Crawl Stone Soup version 0.22-a0-265-g0d8bc90 (webtiles) character file.

77 Zwobot the Poker (level 4, -3/35 HPs)
             Began as a Merfolk Gladiator on Mar 7, 2018.
             Slain by Sigmund
             ... wielding a +0 scythe
              (6 damage)
             ... on level 2 of the Dungeon.
             The game lasted 00:03:54 (866 turns).

Zwobot the Poker (Merfolk Gladiator)                 Turns: 866, Time: 00:03:54

Health: -3/35      AC:  4    Str: 15    XL:     4   Next: 33%
Magic:  4/4        EV: 14    Int:  7    God:
Gold:   19         SH:  0    Dex: 15    Spells: 3/3 levels left

rFire    . . .     SeeInvis .   g - +1 short sword (elec)
rCold    . . .     Gourm    .   (no shield)
rNeg     . . .     Faith    .   b - +0 leather armour
rPois    .         Spirit   .   c - +0 helmet
rElec    .         Reflect  .   (no cloak)
rCorr    .         Harm     .   (no gloves)
MR       .....                  (no boots)
Stlth    +.........             (no amulet)
HPRegen  0.11/turn              (no ring)
MPRegen  0.09/turn              (no ring)

@: no status effects
A: change form in water, swift swim, stealthy swim
a: no special abilities


You were on level 2 of the Dungeon.
You were not hungry.

You visited 1 branch of the dungeon, and saw 2 of its levels.

You collected 19 gold pieces.

Inventory:

Hand Weapons
 a - a +0 trident
 g - a +1 short sword of electrocution (weapon)
 p - a +0 hunting sling
Missiles
 i - 95 stones (quivered)
 m - 11 poisoned needles
 q - 28 sling bullets
Armour
 b - a +0 leather armour (worn)
 c - a +0 helmet (worn)
 s - a +0 scale mail
Scrolls
 j - a scroll of remove curse {unknown}
 l - a scroll of magic mapping {unknown}
 o - a scroll of identify {unknown}
Potions
 h - a potion of berserk rage {unknown}
 n - a potion of ambrosia {unknown}
 r - a potion of flight {unknown}
Comestibles
 f - 2 rations
 k - 7 chunks of flesh


   Skills:
 + Level 3.3 Fighting
 * Level 6.5 Polearms
 - Level 2.0 Throwing
 - Level 4.0 Dodging


You had 3 spell levels left.
You didn't know any spells.

Dungeon Overview and Level Annotations

Branches:
Dungeon (2/15)

Altars:

Annotations:
D:1 exclusion: downstairs
D:2 Sigmund


Message History

Press: ? - help, Shift-Dir - straight line, f - you You throw a throwing net.
Something gets caught in the net!
Something wriggles in the net.
You barely miss something.
Something wriggles in the net.
You hit something.
Something wriggles in the net.
You hit something.
Something wriggles in the net. x2
All of a sudden the net rips apart!
You barely miss something. Something hits you.
You miss something. You hit something but do no damage.
You hear some strange, mumbled words.
A magic dart appears from out of thin air!
The magic dart hits you!
You miss something. Something hits you but does no damage.
You hit something but do no damage. Something hits you!
* * * LOW HITPOINT WARNING * * *
You barely miss something. Something barely misses you.
You hit something. You closely miss something. Something hits you.
You die...

......$ ##.....####....#
.....[... #....### ######
##.$........# ##...###
............# #....##ZJ
#..........####...## w?l#
............#.#...# .$#
............s.#.[.#######
..............##'###.#
>..............{@÷...#
......†.......#....###
.........>....##.....######
................(..........
#..........................
##..#####..................
#..# #............#.....
...... .............#.....
..........#...##...#.. ....


There were no monsters in sight!

Vanquished Creatures
  Jessica (D:2)
  An adder (D:2)
  An ooze (D:2)
  A worm (D:2)
  4 leopard geckos
  4 giant cockroaches
  6 goblins
  A hobgoblin (D:2)
  2 quokkas (D:2)
  2 bats (D:1)
  2 kobolds (D:1)
  7 rats
32 creatures vanquished.

Notes
Turn   | Place    | Note
-------+----------+-------------------------------------------
     0 | D:1      | Zwobot the Merfolk Gladiator began the quest for the Orb.
     0 | D:1      | Reached XP level 1. HP: 16/16 MP: 1/1
   331 | D:1      | Reached XP level 2. HP: 23/23 MP: 2/2
   343 | D:1      | Reached skill level 5 in Polearms
   577 | D:2      | Noticed Sigmund
   635 | D:2      | Reached XP level 3. HP: 28/28 MP: 3/3
   730 | D:2      | Reached skill level 6 in Polearms
   774 | D:2      | Noticed Jessica
   792 | D:2      | Killed Jessica
   792 | D:2      | Reached XP level 4. HP: 20/35 MP: 4/4
   866 | D:2      | Slain by Sigmund

Vault maps used:
D:1:      eino_arrival_water_cross
D:2:      serial_bayou_ford_a, lightli_corner_chamber, uniq_jessica,
          uniq_sigmund

Skill      XL: |  1  2  3 |
---------------+----------+-----
Polearms       | 5 6 |  6.5
Fighting       | 3 |  3.3
Throwing       | |  2.0
Dodging        | |  4.0

Action                   |  1- 3 |  4- 6 || total
-------------------------+-------+-------++-------
Melee: Short sword       |    77 |    11 ||    88
       Trident           |     5 |       ||     5
Throw: Throwing net      |     4 |     2 ||     6
  Use: Potion            |     1 |     2 ||     3
 Stab: Held in net/web   |     1 |       ||     1
       Sleeping          |     1 |       ||     1
Armor: Leather armour    |    21 |     1 ||    22
Dodge: Dodged            |    44 |     3 ||    47

Table legend:
 A = Spawn XP
 B = Non-spawn XP
 C = Spawn XP percentage of total XP
 D = Spawn monster count
 E = Non-spawn monster count
 F = Spawn count percentage of total count
 G = Total turns spent on level
                    A         B        C        D         E        F      G
               +---------+---------+-------+---------+---------+-------+---------
         Total |       0 |     110 |   0.0 |       0 |      32 |   0.0 |   866
               +---------+---------+-------+---------+---------+-------+---------
           D:1 |       0 |      21 |   0.0 |       0 |      14 |   0.0 |   590
           D:2 |       0 |      89 |   0.0 |       0 |      18 |   0.0 |   276
               +---------+---------+-------+---------+---------+-------+---------
